 Dungeon Crawl Stone Soup version 0.16-a0-3962-g290d66c (webtiles) character file.

257 Charly the Ducker (level 6, -21/43 HPs)
             Began as a Merfolk Transmuter on Feb 10, 2015.
             Killed by an exploding giant spore (34 damage)
             ... on level 5 of the Dungeon.
             The game lasted 00:18:52 (1556 turns).

Charly the Ducker (Merfolk Transmuter)              Turns: 1556, Time: 00:18:52

Health: -21/43     AC:  2    Str: 11    XL:     6   Next: 16%
Magic:  10/10      EV: 14    Int: 14    God:
Gold:   241        SH:  0    Dex: 14    Spells: 3 memorised, 3 levels left

rFire  . . .     SeeInvis .       - Unarmed
rCold  . . .     Clarity  .     c - +0 robe
rNeg   . . .     SustAb   .     (no shield)
rPois  .         Gourm    .     (no helmet)
rElec  .         Spirit   .     (no cloak)
rCorr  .         Warding  .     (no gloves)
rMut   .         Stasis   .     (no boots)
MR     .....                    (no amulet)
Stlth  +.........               (no ring)
                                (no ring)

@: confused, not resistant to hostile enchantments, very unstealthy
A: change form in water, swift swim
a: no special abilities


You were on level 5 of the Dungeon.
You were not hungry.

You visited 1 branch of the dungeon, and saw 5 of its levels.

You collected 241 gold pieces.

Inventory:

Missiles
 b - 31 arrows
 m - 20 poisoned needles
Armour
 c - a +0 robe (worn)
Magical devices
 k - a wand of random effects (9)
Scrolls
 g - 2 scrolls of enchant armour
 i - 2 scrolls of remove curse {unknown}
 l - a scroll of random uselessness {unknown}
Potions
 e - 2 potions of curing {unknown}
 h - a potion of mutation
 j - a potion of restore abilities
Books
 d - a book of Changes

   Spells                             Type                      Level
   a - Beastly Appendage              Transmutation                1
   b - Sticks to Snakes               Transmutation                2
   c - Spider Form                    Transmutation/Poison         3
   d - Ice Form                       Ice/Transmutation            4
   e - Blade Hands                    Transmutation                5
Comestibles
 a - 2 bread rations
 f - 4 meat rations


   Skills:
 - Level 1.1 Fighting
 + Level 4.9 Dodging
 + Level 4.8 Unarmed Combat
 - Level 2.0 Spellcasting
 + Level 4.7 Transmutations
 + Level 2.4 Poison Magic


You had 3 spell levels left.
You knew the following spells:

 Your Spells              Type           Power        Failure   Level  Hunger
b - Beastly Appendage     Trmt           ##....       3%          1    ##.....
s - Sticks to Snakes      Trmt           ##........   6%          2    ###....
S - Spider Form           Trmt/Pois      ##........   17%         3    ####...


Dungeon Overview and Level Annotations

Branches:
Dungeon (5/15)
 Temple: D:4-7

Altars:
Makhleb
Qazlal
Xom
The Shining One

Annotations:
D:3 Natasha; wojtek's ghost, average KoAs


Message History

Press: ? - help, . - travel You can't see that place. [the floor.]
Press: ? - help, . - travel You can't see that place. [the floor.]
There is a stone staircase leading up here.
The hobgoblin shouts!
A giant spore comes into view.
The giant spore waves its rhizomes.
Drink which item? (? for menu, Esc to quit)
Okay, then.
Read which item? (? for menu, Esc to quit)
Okay, then.
There is a stone staircase leading up here.
The giant spore explodes!
A fungus suddenly grows.
The explosion of spores engulfs you!
You are confused.
Ouch! That really hurt!
You die...

#.#####.###
#.........#
#.#####.#.#
#.#.....#.#
#.#.....#.#
#######.#####.#.#
#...........#...#
#.#####.###)#####
#.@.#.....#.#
###P#...#.#.#
#.#####.#.#
#.#.....#.#
#g#.###.#.#
#.#.#...#.# ...
#.#.#####.#
.....######.#.#.....#
........g...........#


You could see a hobgoblin.

Vanquished Creatures
  An ogre (D:4)
  An orc priest (D:4)
  An iguana (D:4)
  Natasha (D:3)
  A worker ant zombie (D:4)
  An adder (D:3)
  A shadow imp (D:5)
  A giant mite (D:1)
  An adder skeleton (D:4)
  13 orcs
  5 bats
  2 giant cockroaches (D:1)
  6 goblins
  5 hobgoblins
  A quokka (D:3)
  3 giant newts
  7 kobolds
  3 rats
54 creatures vanquished.

Vanquished Creatures (collateral kills)
  An adder (D:2)
  A worm (D:4)
  A rat (D:3)
3 creatures vanquished.

Grand Total: 57 creatures vanquished

Notes
Turn   | Place    | Note
--------------------------------------------------------------
     0 | D:1      | Charly, the Merfolk Transmuter, began the quest for the Orb.
     0 | D:1      | Reached XP level 1. HP: 15/15 MP: 3/3
   112 | D:1      | Reached XP level 2. HP: 15/21 MP: 4/4
   294 | D:2      | Learned a level 2 spell: Sticks to Snakes
   373 | D:2      | Found a burning altar of Makhleb.
   373 | D:2      | Found a stormy altar of Qazlal.
   480 | D:3      | Found a glowing golden altar of the Shining One.
   484 | D:3      | Noticed wojtek's ghost (average KoAs)
   492 | D:3      | Reached XP level 3. HP: 26/26 MP: 4/6
   524 | D:3      | Learned a level 3 spell: Spider Form
   715 | D:3      | Found a shimmering altar of Xom.
   737 | D:3      | Reached skill level 4 in Unarmed Combat
   743 | D:3      | Reached XP level 4. HP: 24/32 MP: 5/7
   827 | D:3      | Noticed Natasha
   842 | D:3      | Killed Natasha
   842 | D:3      | Reached skill level 1 in Poison Magic
  1010 | D:3      | Noticed Natasha
  1128 | D:4      | Reached XP level 5. HP: 26/37 MP: 1/9
  1289 | D:4      | Noticed an ogre
  1373 | D:4      | Killed an ogre
  1373 | D:4      | Reached XP level 6. HP: 32/43 MP: 1/10
  1447 | D:5      | Entered Level 5 of the Dungeon
  1556 | D:5      | Killed by an exploding giant spore

Action                   |  1- 3 |  4- 6 || total
-------------------------+-------+-------++-------
Melee: Unarmed           |   111 |    94 ||   205
 Cast: Beastly Appendage |    10 |     3 ||    13
       Sticks to Snakes  |     3 |    11 ||    14
       Spider Form       |       |     4 ||     4
  Use: Scroll            |     3 |     1 ||     4
       Potion            |       |     1 ||     1
  Eat: Meat ration       |       |     1 ||     1
